 Dungeon Crawl Stone Soup version 0.21.1-75-g79f4511 (webtiles) character file.

7738 asishallab the Magician (level 11, -1/75 HPs)
             Began as a Gnoll Skald on Aug 16, 2018.
             Was a Believer of Hepliaklqana.
             Slain by a yak (4 damage)
             ... on level 9 of the Dungeon on Aug 18, 2018.
             The game lasted 00:41:26 (10893 turns).

asishallab the Magician (Gnoll Skald)              Turns: 10893, Time: 00:41:27

Health: -1/75      AC: 10    Str: 15    XL:     11   Next: 19%
Magic:  22/22      EV:  2    Int: 15    God:    Hepliaklqana [**....]
Gold:   88         SH:  0    Dex: 17    Spells: 7/25 levels left

rFire    . . .     SeeInvis .   a - +2 war axe (elec)
rCold    + . .     Gourm    .   (no shield)
rNeg     + + +     Faith    .   q - +1 ring mail
rPois    ∞         Spirit   .   (no helmet)
rElec    .         Reflect  .   x - +0 cloak
rCorr    .         Harm     .   (no gloves)
MR       .....                  C - +0 pair of boots
Stlth    +++.......             m - amulet of magic regeneration
HPRegen  0.22/turn              H - ring of protection from cold
MPRegen  0.43/turn              (no ring)

@: petrified, singing
A: distributed training, reduced essence, fangs 1, strong nose
a: Recall Ancestor, Ancestor Identity, Renounce Religion


You were on level 9 of the Dungeon.
You worshipped Hepliaklqana.
Hepliaklqana was pleased with you.
You were not hungry.

You visited 2 branches of the dungeon, and saw 10 of its levels.
You also visited: Sewer.

You collected 418 gold pieces.
You spent 330 gold pieces at shops.

Inventory:

Hand Weapons
 a - a +2 war axe of electrocution (weapon)
 b - a +0 hunting sling
 k - a +0 flail of protection
 p - a +0 blowgun
 v - a +2 dagger of venom
 z - a +0 hand axe
Missiles
 e - 36 sling bullets
 j - 200 stones
 n - a throwing net
 y - 7 poisoned needles
 D - 5 tomahawks (quivered)
Armour
 q - a +1 ring mail (worn)
 t - a scarf of cloud immunity
 x - a +0 cloak (worn)
 C - a +0 pair of boots (worn)
Jewellery
 m - an amulet of magic regeneration (around neck)
 H - a ring of protection from cold (left hand)
Wands
 f - a wand of digging (4)
 G - a wand of enslavement (8)
Scrolls
 g - a scroll of remove curse
 h - 5 scrolls of teleportation
 l - a scroll of blinking
 o - 2 scrolls of enchant armour
 r - 2 scrolls of fog
 w - 4 scrolls of fear
 B - a scroll of summoning
 E - 4 scrolls of magic mapping
 M - a scroll of identify
Potions
 s - 8 potions of curing
 A - a potion of agility {unknown}
 F - a potion of might
 I - a potion of haste
 J - a potion of heal wounds
 K - a potion of flight {unknown}
 L - a potion of brilliance {unknown}
Books
 c - a book of Battle

   Spells                             Type                      Level
   a - Infusion                       Charms                       1
   b - Shroud of Golubria             Charms/Translocation         2
   c - Song of Slaying                Charms                       2
   d - Spectral Weapon                Hexes/Charms                 3
   e - Regeneration                   Charms/Necromancy            3
 u - a book of Misfortune

   Spells                             Type                      Level
   a - Confusing Touch                Hexes                        1
   b - Confuse                        Hexes                        3
   c - Gell's Gravitas                Translocation                3
   d - Petrify                        Transmutation/Earth          4
   e - Metabolic Englaciation         Hexes/Ice                    5
   f - Yara's Violent Unravelling     Hexes/Transmutation          5
 N - a book of Minor Magic

   Spells                             Type                      Level
   a - Magic Dart                     Conjuration                  1
   b - Blink                          Translocation                2
   c - Call Imp                       Summoning                    2
   d - Slow                           Hexes                        2
   e - Conjure Flame                  Conjuration/Fire             3
   f - Mephitic Cloud                 Conjuration/Poison/Air       3
Comestibles
 d - 9 rations
 i - 5 chunks of flesh


   Skills:
 + Level 7.6 Fighting
 + Level 5.9 Short Blades
 + Level 5.9 Long Blades
 + Level 7.6 Axes
 + Level 5.9 Maces & Flails
 + Level 5.9 Polearms
 + Level 5.9 Staves
 + Level 5.9 Slings
 + Level 5.9 Bows
 + Level 5.9 Crossbows
 + Level 5.9 Throwing
 + Level 6.5 Armour
 + Level 7.6 Dodging
 + Level 5.9 Stealth
 + Level 5.9 Shields
 + Level 5.9 Unarmed Combat
 + Level 7.9 Spellcasting
 + Level 4.9 Conjurations
 + Level 4.9 Hexes
 + Level 7.4 Charms
 + Level 4.9 Summonings
 + Level 4.9 Necromancy
 + Level 4.9 Translocations
 + Level 4.9 Transmutations
 + Level 4.9 Fire Magic
 + Level 4.9 Ice Magic
 + Level 4.9 Air Magic
 + Level 4.9 Earth Magic
 + Level 4.9 Poison Magic
 + Level 6.5 Invocations
 + Level 5.9 Evocations


You had 7 spell levels left.
You knew the following spells:

 Your Spells              Type           Power        Failure   Level  Hunger
a - Infusion              Chrm           ####         1%          1    None
b - Shroud of Golubria    Chrm/Tloc      ###.......   2%          2    None
c - Song of Slaying       Chrm           ####....     1%          2    None
d - Spectral Weapon       Hex/Chrm       ###.....     4%          3    ##.....
e - Regeneration          Chrm/Necr      ###.......   4%          3    ##.....
f - Confuse               Hex            ###.....     9%          3    ##.....
g - Blink                 Tloc           N/A          4%          2    None
h - Slow                  Hex            ###.....     4%          2    None


Dungeon Overview and Level Annotations

Branches:
Dungeon (9/15)             Temple (1/1) D:4
   Lair: D:8-11         Orc: D:9-12

Altars:
Ashenzari
Cheibriados
Dithmenos
Elyvilon
Fedhas
Gozag
Hepliaklqana
Kikubaaqudgha
Makhleb
Nemelex Xobeh
Okawaru
Qazlal
Ru
Sif Muna
Trog
Uskayaw
Vehumet
Wu Jian
Xom
Yredelemnul
Zin
The Shining One

Shops:
D:7 !(


Innate Abilities, Weirdness & Mutations

Your experience applies equally to all skills.
You have very sharp teeth.
Your uncanny sense of smell can sniff out nearby items.
Your life essence is reduced to manifest your ancestor. (-10% HP)


Message History

Srotinio hits the yak with a dagger of draining.
Srotinio drains the yak!
The orc hits you but does no damage.
The ice beast hits you but does no damage.
The basilisk bites you.
The yak barely misses Srotinio.
The yak gores you!
* * * LOW HITPOINT WARNING * * *
The orc warrior hits you with a short sword!
* * * LOW HITPOINT WARNING * * *
The yak snorts and paws the ground.
The yak gores you.
* * * LOW HITPOINT WARNING * * *
Srotinio casts a spell at the yak.
The yak seems to slow down.
The orc hits you but does no damage.
The ice beast hits you but does no damage.
The basilisk gazes at you. You resist with some effort.
The yak barely misses Srotinio.
The orc warrior hits you but does no damage.
The yak gores you!
* * * LOW HITPOINT WARNING * * *
The yak gores you!
You die...

♣♣......# ##.#
.(P...P.....# #..#
YP..........# #...
..(........#
######.##
.(.(.YR...#
#......#
#.(Y.....###.####.#
#..t.........# #.#
#.#.Yol....#####
#.# #(..Y@YY...#
#.# ###.o......#
#.# #........# ##.#
########## #..#
####.### #....R..
#....... #.......
..........


You could see the friendly Srotinio the hexer, 5 yaks, a basilisk, an orc
warrior, a crocodile, an ice beast and an orc.

Vanquished Creatures
  Erica (D:8)
  Pikel (D:6)
  Psyche (D:8)
  The ghost of Lidrolic the Chopper, a novice HuFi (D:7)
  The ghost of Lidrolic the Chopper, a novice HuFi of Gozag (D:5)
  Prince Ribbit (D:6)
  3 hogs (D:9)
  A human (D:9)
  Edmund (D:3)
  Duvessa (D:7)
  A water moccasin (D:9)
  A porcupine (D:9)
  2 ice beasts
  An orc warrior (D:8)
  A hornet zombie (D:7)
  A slave (D:6)
  A black bear (D:6)
  A necrophage (D:8)
  6 ogres
  2 centaurs
  7 big kobolds (Sewer)
  Blork the orc (D:4)
  4 bullfrogs
  10 scorpions
  Dowan (D:7)
  2 wights (D:7)
  A howler monkey (D:5)
  A crimson imp (D:8)
  2 hounds
  2 jellies
  Crazy Yiuf (D:6)
  7 orc priests
  6 iguanas
  3 orc wizards
  Ijyb (D:5)
  3 worker ants
  2 worker ant zombies
  12 adders
  6 gnolls (D:5)
  A river rat (D:3)
  7 oozes
  An adder zombie (D:8)
  8 worms
  2 leopard geckos
  28 orcs
  5 ball pythons
  7 bats
  12 giant cockroaches
  7 goblins
  6 hobgoblins
  14 jackals
  2 quokkas
  4 frilled lizards
  2 gnoll zombies (D:3)
  6 kobolds
  2 leopard gecko zombies (D:5)
  2 quokka skeletons (D:4)
  A quokka zombie (D:7)
  14 rats
  A fungus (D:7)
233 creatures vanquished.

Vanquished Creatures (collateral kills)
  A hippogriff (D:7)
  A hog (D:9)
  An eye of draining (D:8)
  A sky beast (D:6)
  A centaur (D:8)
  A wyvern skeleton (D:7)
  A scorpion (D:7)
  A wight (D:7)
  A crimson imp (D:7)
  An orc priest (D:7)
  A gnoll (D:5)
  An orc (D:8)
12 creatures vanquished.

Vanquished Creatures (others)
  An ancestor (D:5)
  A fungus (D:7)
2 creatures vanquished.

Grand Total: 247 creatures vanquished

Notes
Turn   | Place    | Note
-------+----------+-------------------------------------------
     0 | D:1      | asishallab the Gnoll Skald began the quest for the Orb.
     0 | D:1      | Reached XP level 1. HP: 20/20 MP: 6/6
     1 | D:1      | Found a runed door.
   334 | D:1      | Reached XP level 2. HP: 22/26 MP: 7/7
   341 | D:1      | Learned a level 2 spell: Shroud of Golubria
   344 | D:1      | Learned a level 2 spell: Song of Slaying
   818 | D:1      | Reached XP level 3. HP: 28/31 MP: 0/9
   820 | D:1      | Reached skill level 5 in Spellcasting
   843 | D:1      | Reached skill level 1 in Invocations
  1187 | D:2      | Reached skill level 1 in Short Blades
  1187 | D:2      | Reached skill level 1 in Long Blades
  1187 | D:2      | Reached skill level 1 in Maces & Flails
  1187 | D:2      | Reached skill level 1 in Polearms
  1187 | D:2      | Reached skill level 1 in Staves
  1187 | D:2      | Reached skill level 1 in Slings
  1187 | D:2      | Reached skill level 1 in Bows
  1187 | D:2      | Reached skill level 1 in Crossbows
  1187 | D:2      | Reached skill level 1 in Throwing
  1187 | D:2      | Reached skill level 1 in Stealth
  1187 | D:2      | Reached skill level 1 in Shields
  1187 | D:2      | Reached skill level 1 in Unarmed Combat
  1187 | D:2      | Reached skill level 1 in Evocations
  1187 | D:2      | Reached XP level 4. HP: 34/38 MP: 11/11
  1558 | D:2      | Found a glowing golden altar of the Shining One.
  1839 | D:3      | Found a glowing drain.
  1860 | D:3      | Reached skill level 1 in Conjurations
  1860 | D:3      | Reached skill level 1 in Hexes
  1860 | D:3      | Reached skill level 1 in Summonings
  1860 | D:3      | Reached skill level 1 in Necromancy
  1860 | D:3      | Reached skill level 1 in Translocations
  1860 | D:3      | Reached skill level 1 in Transmutations
  1860 | D:3      | Reached skill level 1 in Fire Magic
  1860 | D:3      | Reached skill level 1 in Ice Magic
  1860 | D:3      | Reached skill level 1 in Air Magic
  1860 | D:3      | Reached skill level 1 in Earth Magic
  1860 | D:3      | Reached skill level 1 in Poison Magic
  1907 | Sewer    | Entered a sewer
  1927 | Sewer    | Noticed a big kobold
  1927 | Sewer    | Noticed a big kobold
  1950 | Sewer    | HP: 1/57 [big kobold/club (2)]
  1951 | Sewer    | Killed a big kobold
  1951 | Sewer    | Reached XP level 5. HP: 2/43 MP: 10/12
  1953 | Sewer    | Killed a big kobold
  1953 | Sewer    | Reached XP level 6. HP: 2/50 MP: 10/13
  2240 | Sewer    | Learned a level 3 spell: Spectral Weapon
  2244 | Sewer    | Learned a level 3 spell: Regeneration
  2475 | Sewer    | Reached skill level 5 in Fighting
  2475 | Sewer    | Reached skill level 5 in Axes
  2475 | Sewer    | Reached skill level 5 in Dodging
  2663 | Sewer    | Reached XP level 7. HP: 20/56 MP: 4/15
  3647 | D:3      | Learned a level 3 spell: Confuse
  3843 | D:3      | Found a sacrificial altar of Ru.
  4144 | D:3      | Found a basalt altar of Yredelemnul.
  4372 | D:4      | Noticed Edmund
  4486 | D:3      | HP: 2/56 [Edmund/flail of protection (5)]
  4489 | D:3      | Killed Edmund
  5106 | D:4      | Reached XP level 8. HP: 31/63 MP: 12/16
  5123 | D:4      | Noticed Blork the orc
  5137 | D:4      | Killed Blork the orc
  5689 | D:4      | Found a glowing silver altar of Zin.
  5721 | D:4      | Found a staircase to the Ecumenical Temple.
  5727 | Temple   | Entered the Ecumenical Temple
  5953 | Temple   | Became a worshipper of Hepliaklqana the Forgotten
  6011 | D:5      | Entered Level 5 of the Dungeon
  6063 | D:5      | Reached XP level 9. HP: 40/62 MP: 18/18
  6196 | D:5      | Noticed Lidrolic's ghost (novice HuFi)
  6210 | D:5      | Killed Lidrolic's ghost
  6542 | D:5      | Noticed Ijyb
  6548 | D:5      | Killed Ijyb
  7006 | D:5      | Reached skill level 5 in Armour
  7135 | D:6      | Noticed Pikel
  7155 | D:6      | Killed Pikel
  7202 | D:6      | Reached skill level 5 in Invocations
  7459 | D:6      | Noticed Prince Ribbit
  7468 | D:6      | Killed Prince Ribbit
  7468 | D:6      | Reached XP level 10. HP: 55/69 MP: 20/20
  7576 | D:6      | Reached * piety under Hepliaklqana
  7896 | D:6      | Found a runed door.
  7905 | D:6      | Noticed Crazy Yiuf
  7910 | D:6      | Killed Crazy Yiuf
  8160 | D:7      | Upgraded the game from 0.21.1-74-g47da925 to 0.21.1-75-g79f4511
  8163 | D:7      | Found a stormy altar of Qazlal.
  8186 | D:7      | Noticed Lidrolic's ghost (novice HuFi)
  8201 | D:7      | Killed Lidrolic's ghost
  8333 | D:7      | Found Xecel's Distillery.
  8337 | D:7      | Bought a potion of curing for 45 gold pieces
  8337 | D:7      | Bought a potion of might for 60 gold pieces
  8337 | D:7      | Bought a potion of haste for 150 gold pieces
  8337 | D:7      | Bought a potion of heal wounds for 75 gold pieces
  8377 | D:7      | Reached skill level 5 in Short Blades
  8377 | D:7      | Reached skill level 5 in Long Blades
  8377 | D:7      | Reached skill level 5 in Maces & Flails
  8377 | D:7      | Reached skill level 5 in Polearms
  8377 | D:7      | Reached skill level 5 in Staves
  8377 | D:7      | Reached skill level 5 in Slings
  8377 | D:7      | Reached skill level 5 in Bows
  8377 | D:7      | Reached skill level 5 in Crossbows
  8377 | D:7      | Reached skill level 5 in Throwing
  8377 | D:7      | Reached skill level 5 in Stealth
  8377 | D:7      | Reached skill level 5 in Shields
  8377 | D:7      | Reached skill level 5 in Unarmed Combat
  8377 | D:7      | Reached skill level 5 in Evocations
  8542 | D:7      | Found Guppooc's Weapon Boutique.
  8588 | D:7      | Noticed Dowan
  8590 | D:7      | Noticed Duvessa
  8591 | D:7      | Killed Dowan
  8599 | D:7      | Killed Duvessa
  8729 | D:7      | Found a burning altar of Makhleb.
  8805 | D:7      | Learned a level 2 spell: Blink
  8808 | D:7      | Learned a level 2 spell: Slow
  8812 | D:7      | Found an iron altar of Okawaru.
  8826 | D:7      | Reached ** piety under Hepliaklqana
  8843 | D:7      | Remembered your ancestor Srotinio as a hexer
  9147 | D:7      | Found the +7 Singing Sword
 10174 | D:8      | Noticed Erica
 10188 | D:8      | Killed Erica
 10422 | D:8      | Found a burning altar of Makhleb.
 10422 | D:8      | Noticed a balrug
 10619 | D:8      | Noticed Psyche
 10628 | D:8      | Killed Psyche
 10628 | D:8      | Reached XP level 11. HP: 63/75 MP: 22/22
 10892 | D:9      | HP: 3/75 [yak (6)]
 10893 | D:9      | Slain by a yak

Skill      XL: |  1  2  3  4  5  6  7  8  9 10 |
---------------+-------------------------------+-----
Spellcasting   | 5 6 7 |  7.9
Invocations    | 1 2 3 4 5 6 |  6.5
Short Blades   | 1 2 3 4 5 |  5.9
Long Blades    | 1 2 3 4 5 |  5.9
Maces & Flails | 1 2 3 4 5 |  5.9
Polearms       | 1 2 3 4 5 |  5.9
Staves         | 1 2 3 4 5 |  5.9
Slings         | 1 2 3 4 5 |  5.9
Bows           | 1 2 3 4 5 |  5.9
Crossbows      | 1 2 3 4 5 |  5.9
Throwing       | 1 2 3 4 5 |  5.9
Stealth        | 1 2 3 4 5 |  5.9
Shields        | 1 2 3 4 5 |  5.9
Unarmed Combat | 1 2 3 4 5 |  5.9
Evocations     | 1 2 3 4 5 |  5.9
Conjurations   | 1 2 3 4 |  4.9
Hexes          | 1 2 3 4 |  4.9
Summonings     | 1 2 3 4 |  4.9
Necromancy     | 1 2 3 4 |  4.9
Translocations | 1 2 3 4 |  4.9
Transmutations | 1 2 3 4 |  4.9
Fire Magic     | 1 2 3 4 |  4.9
Ice Magic      | 1 2 3 4 |  4.9
Air Magic      | 1 2 3 4 |  4.9
Earth Magic    | 1 2 3 4 |  4.9
Poison Magic   | 1 2 3 4 |  4.9
Armour         | 3 4 5 6 |  6.5
Fighting       | 5 6 7 |  7.6
Axes           | 5 6 7 |  7.6
Dodging        | 5 6 7 |  7.6
Charms         | 6 7 |  7.4

Action                   |  1- 3 |  4- 6 |  7- 9 | 10-12 || total
-------------------------+-------+-------+-------+-------++-------
Melee: Hand axe          |    64 |   207 |   291 |       ||   562
       Bite              |     7 |    23 |    37 |    35 ||   102
       Punch             |       |       |     3 |     9 ||    12
       War axe           |       |       |   130 |   139 ||   269
       Dagger            |       |       |       |    67 ||    67
 Fire: Blowgun           |       |       |    22 |     9 ||    31
       Hunting sling     |       |       |    13 |     1 ||    14
Throw: Tomahawk          |       |       |     3 |    11 ||    14
       Stone             |       |       |       |    12 ||    12
 Cast: Shroud of Golubri |     2 |     8 |    23 |    10 ||    43
       Song of Slaying   |     2 |     4 |     9 |     3 ||    18
       Infusion          |     1 |     4 |     8 |     4 ||    17
       Regeneration      |       |     5 |    23 |    11 ||    39
       Spectral Weapon   |       |       |     1 |     3 ||     4
       Slow              |       |       |       |     1 ||     1
Invok: Ancestor Identity |       |       |     2 |     1 ||     3
       Recall Ancestor   |       |       |     1 |       ||     1
       Ancestor Life: He |       |       |       |     1 ||     1
  Use: Potion            |       |     1 |     7 |       ||     8
       Scroll            |       |       |    11 |     1 ||    12
 Stab: Sleeping          |       |       |     4 |     9 ||    13
       Distracted        |       |       |     1 |       ||     1
  Eat: Chunk             |     1 |     3 |    12 |     6 ||    22
       Ration            |       |     1 |     2 |     2 ||     5
Armor: Leather armour    |     5 |       |       |       ||     5
       Ring mail         |     1 |    50 |   102 |    69 ||   222
Dodge: Dodged            |    49 |   116 |   263 |   140 ||   568
